[ AOE2 MATCH · #482259246 ]
Team RMTeutons vs Byzantines
[ REPLAY ANALYSIS · EXTRACTED FROM THE RECORDED GAME ]
Feudal
17:02
Castle
21:20
Imperial
43:47
| APM avg | 14.1 |
| APM peak | 30 |
| eAPM avg | 11.7 |
| Villagers / military | 104 / 57 |
Focus
⚔️ 20.2% · 🌾 79.8%
Teutonic Knight ×45 · Trade Cart ×15 · Scout Cavalry ×5 · Monk ×4 · Knight ×3
Feudal
11:53
Castle
17:25
Imperial
33:01
| APM avg | 20.2 |
| APM peak | 61 |
| eAPM avg | 9.9 |
| Villagers / military | 51 / 44 |
Focus
⚔️ 29.5% · 🌾 70.5%
Conquistador ×29 · Fire Galley ×10 · Fishing Ship ×4 · Trebuchet (Packed) ×3 · Monk ×1 · Demolition Raft ×1
Feudal
12:38
Castle
18:13
Imperial
—
| APM avg | 17.2 |
| APM peak | 35 |
| eAPM avg | 12.4 |
| Villagers / military | 126 / 93 |
Focus
⚔️ 29.9% · 🌾 70.1%
Fishing Ship ×36 · Steppe Lancer ×32 · Fire Lancer ×23 · Skirmisher ×22 · Trade Cart ×21 · Unknown (2626) ×9
Feudal
11:15
Castle
14:51
Imperial
32:38
| APM avg | 39.4 |
| APM peak | 69 |
| eAPM avg | 21.8 |
| Villagers / military | 71 / 59 |
Focus
⚔️ 33.3% · 🌾 66.7%
Fire Lancer ×47 · Unknown (1911) ×44 · Fishing Ship ×7 · Battering Ram ×4 · Monk ×3 · Bombard Cannon ×3
Feudal
13:08
Castle
22:03
Imperial
29:14
| APM avg | 36.2 |
| APM peak | 93 |
| eAPM avg | 16.0 |
| Villagers / military | 80 / 129 |
Focus
⚔️ 28.2% · 🌾 71.8%
Woad Raider ×112 · Trade Cart ×32 · Scorpion ×7 · Fire Galley ×6 · Knight ×2 · Monk ×1
Feudal
15:35
Castle
28:12
Imperial
—
| APM avg | 16.6 |
| APM peak | 119 |
| eAPM avg | 10.5 |
| Villagers / military | 61 / 36 |
Focus
⚔️ 29.0% · 🌾 71.0%
Cataphract ×20 · Trade Cart ×15 · Spearman ×8 · Fishing Ship ×4 · Unknown (2626) ×3 · Scout Cavalry ×2
Match map
Initial resources + every placement click. Lines = walls · curves = elevation contours. ◆ gold · ⬟ stone · ● berries · ✦ relic · ◌ wall gap
Your base· Open — 4t gap
caanguloa's base· Open — 11t gap
James McMCloud's base· Open — unwalled flank
ferqr_91's base· Open — unwalled flank
EL SANTO PADRE EL ORIGINAL's base· Open — 6t gap
Rey David's base· ✓ Closed at 28:12 · 134t walls · 8 gate(s)
Smoothed initial terrain · ◌ = detected wall gap · hover for details
Inputs per minute
— EL_PUERCO_REDENTOR - - caanguloa
Build order — EL_PUERCO_REDENTOR
First 150 of 266 actions detected
| 1:08 | Build | Town Center |
| 3:07 | Research | Loom |
| 3:07 | Create | Villager (Male) |
| 3:07 | Create | Villager (Male) |
| 3:07 | Create | Villager (Male) |
| 3:08 | Create | Villager (Male) |
| 3:08 | Create | Villager (Male) |
| 3:39 | Build | House |
| 3:39 | Build | House |
| 3:40 | Build | House |
| 6:21 | Create | Villager (Male) |
| 6:21 | Create | Villager (Male) |
| 6:21 | Create | Villager (Male) |
| 6:40 | Build | House |
| 7:32 | Create | Villager (Male) |
| 7:33 | Create | Villager (Male) |
| 7:33 | Create | Villager (Male) |
| 7:33 | Create | Villager (Male) |
| 8:00 | Create | Villager (Male) |
| 8:00 | Create | Villager (Male) |
| 8:00 | Create | Villager (Male) |
| 8:00 | Create | Villager (Male) |
| 8:19 | Create | Villager (Male) |
| 8:19 | Create | Villager (Male) |
| 8:20 | Create | Villager (Male) |
| 8:20 | Create | Villager (Male) |
| 8:42 | Create | Villager (Male) |
| 8:42 | Create | Villager (Male) |
| 8:43 | Create | Villager (Male) |
| 8:43 | Create | Villager (Male) |
| 9:14 | Create | Villager (Male) |
| 9:50 | Build | Mill |
| 9:52 | Create | Villager (Male) |
| 9:52 | Create | Villager (Male) |
| 10:01 | Build | House |
| 10:01 | Build | House |
| 10:02 | Build | House |
| 10:03 | Create | Villager (Male) |
| 10:04 | Create | Villager (Male) |
| 10:04 | Create | Villager (Male) |
| 12:09 | Build | Mining Camp |
| 12:20 | Build | Farm |
| 12:20 | Build | Farm |
| 12:22 | Build | Farm |
| 12:22 | Build | Farm |
| 12:23 | Build | Farm |
| 12:23 | Build | Farm |
| 12:24 | Build | Farm |
| 12:57 | Build | Farm |
| 13:50 | Build | Lumber Camp |
| 14:52 | Research | Feudal Age |
| 15:09 | Build | Barracks |
| 16:09 | Build | House |
| 16:10 | Build | House |
| 16:11 | Build | House |
| 16:13 | Build | House |
| 16:14 | Build | House |
| 16:16 | Build | House |
| 17:02 | Age | Feudal Age |
| 17:14 | Build | Blacksmith |
| 17:16 | Create | Villager (Male) |
| 17:16 | Create | Villager (Male) |
| 17:57 | Build | Stable |
| 18:11 | Build | Market |
| 18:40 | Research | Castle Age |
| 19:11 | Research | Man-at-Arms (upgrade) |
| 20:13 | Build | Stable |
| 20:18 | Research | Forging |
| 20:19 | Research | Scale Barding Armor |
| 21:08 | Build | Farm |
| 21:09 | Build | Farm |
| 21:20 | Age | Castle Age |
| 21:24 | Create | Trade Cart |
| 21:24 | Create | Trade Cart |
| 21:24 | Create | Trade Cart |
| 21:37 | Create | Villager (Male) |
| 21:37 | Create | Villager (Male) |
| 21:37 | Create | Villager (Male) |
| 21:37 | Create | Villager (Male) |
| 22:29 | Build | Monastery |
| 22:33 | Research | Squires |
| 22:34 | Create | Villager (Male) |
| 22:34 | Create | Villager (Male) |
| 22:35 | Create | Villager (Male) |
| 22:35 | Create | Villager (Male) |
| 23:11 | Create | Villager (Male) |
| 23:11 | Create | Villager (Male) |
| 23:11 | Create | Villager (Male) |
| 23:11 | Create | Villager (Male) |
| 23:19 | Build | Lumber Camp |
| 23:37 | Build | Mining Camp |
| 23:56 | Create | Trade Cart |
| 23:56 | Create | Trade Cart |
| 24:04 | Create | Villager (Male) |
| 24:04 | Create | Villager (Male) |
| 24:04 | Create | Villager (Male) |
| 24:04 | Create | Villager (Male) |
| 24:24 | Build | Castle |
| 24:27 | Create | Villager (Male) |
| 24:27 | Create | Villager (Male) |
| 24:27 | Create | Villager (Male) |
| 25:09 | Build | Farm |
| 25:10 | Build | Farm |
| 25:10 | Build | Farm |
| 25:11 | Build | Farm |
| 25:12 | Build | Farm |
| 25:14 | Build | Farm |
| 25:15 | Build | Farm |
| 25:15 | Build | Farm |
| 25:16 | Build | Farm |
| 25:17 | Build | Farm |
| 25:18 | Build | Farm |
| 26:14 | Create | Teutonic Knight |
| 26:14 | Create | Teutonic Knight |
| 26:14 | Create | Teutonic Knight |
| 26:14 | Create | Teutonic Knight |
| 26:14 | Create | Teutonic Knight |
| 26:32 | Create | Villager (Male) |
| 26:33 | Create | Villager (Male) |
| 26:33 | Create | Villager (Male) |
| 26:33 | Create | Villager (Male) |
| 26:50 | Create | Teutonic Knight |
| 26:51 | Create | Teutonic Knight |
| 27:04 | Create | Monk |
| 27:16 | Create | Villager (Male) |
| 27:16 | Create | Villager (Male) |
| 27:17 | Create | Villager (Male) |
| 27:36 | Build | House |
| 27:36 | Build | House |
| 27:38 | Build | House |
| 27:40 | Create | Scout Cavalry |
| 27:40 | Create | Scout Cavalry |
| 27:41 | Create | Scout Cavalry |
| 27:41 | Create | Scout Cavalry |
| 27:41 | Create | Scout Cavalry |
| 27:46 | Create | Teutonic Knight |
| 27:46 | Create | Teutonic Knight |
| 28:24 | Create | Knight |
| 28:24 | Create | Knight |
| 28:24 | Create | Knight |
| 28:36 | Create | Villager (Male) |
| 28:36 | Create | Villager (Male) |
| 28:36 | Create | Villager (Male) |
| 28:37 | Create | Villager (Male) |
| 28:43 | Create | Teutonic Knight |
| 28:43 | Create | Teutonic Knight |
| 28:53 | Create | Villager (Male) |
| 28:54 | Create | Villager (Male) |
| 29:10 | Create | Teutonic Knight |
| 29:10 | Create | Teutonic Knight |
Build order — caanguloa
First 150 of 177 actions detected
| 1:46 | Build | Town Center |
| 2:27 | Build | Dock |
| 3:24 | Create | Villager (Male) |
| 3:24 | Create | Villager (Male) |
| 4:41 | Build | House |
| 4:44 | Build | House |
| 4:45 | Build | House |
| 6:33 | Create | Villager (Male) |
| 6:52 | Create | Villager (Male) |
| 7:26 | Create | Villager (Male) |
| 7:26 | Create | Villager (Male) |
| 7:34 | Build | House |
| 7:36 | Build | House |
| 8:46 | Create | Villager (Male) |
| 9:01 | Build | Mill |
| 9:18 | Create | Villager (Male) |
| 9:37 | Research | Feudal Age |
| 9:39 | Research | Loom |
| 10:02 | Build | Mining Camp |
| 11:04 | Create | Fishing Ship |
| 11:06 | Create | Fishing Ship |
| 11:53 | Age | Feudal Age |
| 11:58 | Create | Villager (Male) |
| 12:24 | Build | Blacksmith |
| 13:30 | Build | Market |
| 13:35 | Create | Villager (Male) |
| 14:02 | Create | Fishing Ship |
| 14:45 | Research | Castle Age |
| 16:08 | Build | Lumber Camp |
| 16:59 | Create | Fishing Ship |
| 17:22 | Research | Double-Bit Axe |
| 17:25 | Age | Castle Age |
| 17:46 | Build | Monastery |
| 17:51 | Create | Villager (Male) |
| 18:07 | Build | House |
| 18:09 | Build | House |
| 18:11 | Build | House |
| 18:36 | Create | Monk |
| 18:49 | Build | Mining Camp |
| 19:01 | Create | Villager (Male) |
| 19:28 | Research | Bow Saw |
| 19:38 | Create | Villager (Male) |
| 20:12 | Research | Stone Mining |
| 20:32 | Create | Villager (Male) |
| 20:32 | Create | Villager (Male) |
| 21:00 | Create | Demolition Raft |
| 21:23 | Build | Mill |
| 21:38 | Create | Villager (Male) |
| 21:38 | Create | Villager (Male) |
| 21:38 | Create | Villager (Male) |
| 22:13 | Build | University |
| 22:18 | Build | House |
| 22:34 | Create | Villager (Male) |
| 22:37 | Research | Wheelbarrow |
| 23:38 | Create | Villager (Male) |
| 23:38 | Create | Villager (Male) |
| 23:43 | Build | Farm |
| 23:47 | Build | Farm |
| 23:50 | Create | Villager (Male) |
| 23:50 | Create | Villager (Male) |
| 24:13 | Build | Castle |
| 24:49 | Build | Town Center |
| 25:05 | Build | Lumber Camp |
| 25:12 | Research | Hand Cart |
| 25:12 | Create | Villager (Male) |
| 25:13 | Create | Villager (Male) |
| 25:18 | Create | Conquistador |
| 25:18 | Create | Conquistador |
| 25:22 | Create | Villager (Male) |
| 27:14 | Build | House |
| 27:21 | Build | Farm |
| 27:23 | Build | Farm |
| 27:24 | Build | Farm |
| 27:25 | Create | Villager (Male) |
| 27:26 | Create | Villager (Male) |
| 27:30 | Create | Villager (Male) |
| 27:30 | Create | Villager (Male) |
| 27:36 | Build | Farm |
| 27:37 | Build | Farm |
| 27:37 | Build | Farm |
| 27:37 | Build | Farm |
| 27:37 | Build | Farm |
| 27:38 | Build | Farm |
| 27:38 | Build | Farm |
| 27:41 | Create | Conquistador |
| 27:41 | Create | Conquistador |
| 27:41 | Create | Conquistador |
| 27:58 | Build | Farm |
| 28:00 | Build | Farm |
| 28:00 | Build | Farm |
| 28:01 | Build | Farm |
| 28:27 | Create | Conquistador |
| 28:27 | Create | Conquistador |
| 29:04 | Build | Mining Camp |
| 29:24 | Create | Conquistador |
| 29:26 | Create | Villager (Male) |
| 29:26 | Create | Villager (Male) |
| 29:48 | Research | Imperial Age |
| 29:56 | Build | Farm |
| 30:00 | Build | Farm |
| 30:05 | Build | Farm |
| 30:18 | Create | Villager (Male) |
| 30:25 | Research | Horse Collar |
| 30:33 | Research | Gold Mining |
| 31:00 | Create | Conquistador |
| 31:00 | Create | Conquistador |
| 31:48 | Build | Dock |
| 31:54 | Build | Dock |
| 32:07 | Research | Stone Shaft Mining |
| 33:01 | Age | Imperial Age |
| 33:08 | Build | Town Center |
| 33:11 | Create | Villager (Male) |
| 33:12 | Create | Villager (Male) |
| 33:12 | Create | Villager (Male) |
| 34:00 | Build | Mining Camp |
| 34:32 | Research | War Galley (upgrade) |
| 35:31 | Research | Tech 60 |
| 35:31 | Create | Conquistador |
| 35:32 | Create | Conquistador |
| 35:32 | Create | Conquistador |
| 37:03 | Research | Conscription |
| 37:05 | Create | Villager (Male) |
| 37:05 | Create | Villager (Male) |
| 37:05 | Create | Villager (Male) |
| 37:21 | Create | Fire Galley |
| 37:21 | Create | Fire Galley |
| 37:23 | Create | Fire Galley |
| 37:23 | Create | Fire Galley |
| 37:29 | Research | Galleon (upgrade) |
| 38:44 | Build | Castle |
| 38:57 | Create | Conquistador |
| 38:58 | Create | Conquistador |
| 38:58 | Create | Conquistador |
| 39:06 | Build | Farm |
| 39:09 | Create | Villager (Male) |
| 39:10 | Create | Villager (Male) |
| 39:10 | Create | Villager (Male) |
| 39:10 | Create | Villager (Male) |
| 39:32 | Create | Conquistador |
| 39:32 | Create | Conquistador |
| 39:48 | Create | Trebuchet (Packed) |
| 39:56 | Create | Fire Galley |
| 39:56 | Create | Fire Galley |
| 39:57 | Create | Fire Galley |
| 39:57 | Create | Fire Galley |
| 40:11 | Create | Conquistador |
| 40:11 | Create | Conquistador |
| 40:26 | Create | Villager (Male) |
| 40:27 | Create | Villager (Male) |
| 40:27 | Create | Villager (Male) |
Build order — James McMCloud
First 150 of 397 actions detected
| 0:34 | Build | Town Center |
| 2:35 | Build | Lumber Camp |
| 3:00 | Create | Villager (Male) |
| 3:00 | Create | Villager (Male) |
| 3:00 | Create | Villager (Male) |
| 3:00 | Create | Villager (Male) |
| 3:01 | Create | Villager (Male) |
| 3:01 | Create | Villager (Male) |
| 3:01 | Create | Villager (Male) |
| 3:01 | Create | Villager (Male) |
| 3:08 | Build | House |
| 3:21 | Build | House |
| 3:37 | Build | House |
| 4:25 | Create | Villager (Male) |
| 4:25 | Create | Villager (Male) |
| 4:26 | Create | Villager (Male) |
| 4:26 | Create | Villager (Male) |
| 4:26 | Create | Villager (Male) |
| 4:26 | Create | Villager (Male) |
| 5:31 | Build | Dock |
| 6:07 | Build | House |
| 6:23 | Create | Villager (Male) |
| 6:23 | Create | Villager (Male) |
| 6:23 | Research | Loom |
| 6:24 | Research | Loom |
| 6:24 | Research | Loom |
| 6:24 | Research | Loom |
| 6:24 | Create | Villager (Male) |
| 6:24 | Create | Villager (Male) |
| 6:25 | Create | Villager (Male) |
| 6:25 | Create | Villager (Male) |
| 6:25 | Create | Villager (Male) |
| 6:25 | Create | Villager (Male) |
| 7:33 | Create | Fishing Ship |
| 7:34 | Create | Fishing Ship |
| 7:34 | Create | Fishing Ship |
| 7:34 | Create | Fishing Ship |
| 7:34 | Create | Fishing Ship |
| 7:34 | Create | Fishing Ship |
| 8:15 | Create | Villager (Male) |
| 8:15 | Create | Villager (Male) |
| 8:15 | Create | Villager (Male) |
| 8:50 | Build | House |
| 8:58 | Build | Barracks |
| 9:08 | Create | Fishing Ship |
| 9:08 | Create | Fishing Ship |
| 9:08 | Create | Fishing Ship |
| 9:25 | Build | House |
| 9:54 | Build | Mining Camp |
| 10:16 | Create | Fishing Ship |
| 10:16 | Create | Fishing Ship |
| 10:16 | Create | Fishing Ship |
| 10:16 | Create | Fishing Ship |
| 10:16 | Create | Fishing Ship |
| 10:16 | Create | Fishing Ship |
| 10:28 | Research | Feudal Age |
| 10:35 | Build | House |
| 11:07 | Create | Fishing Ship |
| 11:54 | Create | Villager (Male) |
| 11:55 | Create | Villager (Male) |
| 11:55 | Create | Villager (Male) |
| 12:38 | Age | Feudal Age |
| 13:07 | Build | Mill |
| 13:17 | Build | Blacksmith |
| 13:21 | Research | Wheelbarrow |
| 13:22 | Research | Town Watch |
| 14:29 | Build | Market |
| 15:24 | Build | House |
| 15:26 | Build | House |
| 15:31 | Research | Castle Age |
| 16:00 | Create | Trade Cart |
| 16:31 | Build | Mill |
| 16:55 | Build | Stable |
| 17:03 | Research | Scale Barding Armor |
| 17:04 | Research | Forging |
| 17:52 | Research | Man-at-Arms (upgrade) |
| 17:53 | Create | Militia |
| 17:53 | Create | Militia |
| 17:53 | Create | Militia |
| 17:59 | Research | Bloodlines |
| 18:09 | Build | Stable |
| 18:13 | Age | Castle Age |
| 18:28 | Create | Steppe Lancer |
| 18:28 | Create | Steppe Lancer |
| 18:28 | Create | Steppe Lancer |
| 18:28 | Create | Steppe Lancer |
| 18:28 | Create | Steppe Lancer |
| 18:30 | Create | Steppe Lancer |
| 18:30 | Create | Steppe Lancer |
| 19:03 | Create | Villager (Male) |
| 19:03 | Create | Villager (Male) |
| 19:03 | Create | Villager (Male) |
| 19:04 | Create | Villager (Male) |
| 19:04 | Create | Villager (Male) |
| 19:18 | Create | Steppe Lancer |
| 19:18 | Create | Steppe Lancer |
| 19:18 | Create | Steppe Lancer |
| 19:19 | Create | Steppe Lancer |
| 19:53 | Build | Town Center |
| 19:58 | Create | Steppe Lancer |
| 19:58 | Create | Steppe Lancer |
| 19:58 | Create | Steppe Lancer |
| 19:58 | Create | Steppe Lancer |
| 19:58 | Create | Steppe Lancer |
| 19:58 | Create | Steppe Lancer |
| 19:59 | Create | Steppe Lancer |
| 20:07 | Create | Villager (Male) |
| 20:07 | Create | Villager (Male) |
| 20:07 | Create | Villager (Male) |
| 20:07 | Create | Villager (Male) |
| 20:08 | Create | Villager (Male) |
| 20:08 | Create | Villager (Male) |
| 20:13 | Build | House |
| 20:14 | Build | House |
| 20:30 | Build | House |
| 20:30 | Build | House |
| 20:30 | Build | House |
| 20:30 | Build | House |
| 20:31 | Build | House |
| 20:53 | Create | Steppe Lancer |
| 20:53 | Create | Steppe Lancer |
| 20:53 | Create | Steppe Lancer |
| 20:54 | Create | Steppe Lancer |
| 21:00 | Build | House |
| 21:18 | Create | Spearman |
| 21:18 | Create | Spearman |
| 21:18 | Create | Spearman |
| 21:32 | Create | Villager (Male) |
| 21:32 | Create | Villager (Male) |
| 21:33 | Create | Villager (Male) |
| 21:33 | Create | Villager (Male) |
| 21:33 | Create | Villager (Male) |
| 21:33 | Create | Villager (Male) |
| 21:39 | Build | House |
| 21:51 | Create | Villager (Male) |
| 21:51 | Create | Villager (Male) |
| 21:51 | Create | Villager (Male) |
| 21:51 | Create | Villager (Male) |
| 21:56 | Build | House |
| 22:32 | Build | Archery Range |
| 22:40 | Create | Trade Cart |
| 22:40 | Create | Trade Cart |
| 23:08 | Create | Villager (Male) |
| 23:08 | Create | Villager (Male) |
| 23:08 | Create | Villager (Male) |
| 23:08 | Create | Villager (Male) |
| 23:16 | Build | Lumber Camp |
| 23:26 | Create | Unit 1911 |
| 23:26 | Create | Unit 1911 |
| 23:27 | Create | Unit 1911 |
Build order — ferqr_91
First 150 of 309 actions detected
| 0:08 | Build | House |
| 0:16 | Build | Town Center |
| 1:12 | Build | House |
| 1:41 | Build | House |
| 1:48 | Build | House |
| 2:14 | Create | Villager (Male) |
| 2:14 | Create | Villager (Male) |
| 2:14 | Create | Villager (Male) |
| 2:15 | Create | Villager (Male) |
| 3:32 | Create | Villager (Male) |
| 3:59 | Create | Villager (Male) |
| 4:28 | Create | Villager (Male) |
| 4:46 | Create | Villager (Male) |
| 5:15 | Build | Dock |
| 5:27 | Create | Villager (Male) |
| 5:34 | Create | Villager (Male) |
| 6:00 | Create | Fishing Ship |
| 6:07 | Create | Villager (Male) |
| 6:18 | Create | Villager (Male) |
| 6:29 | Build | House |
| 6:29 | Build | House |
| 6:45 | Build | Mill |
| 6:53 | Create | Fishing Ship |
| 7:06 | Create | Villager (Male) |
| 7:22 | Create | Villager (Male) |
| 7:30 | Create | Fishing Ship |
| 7:38 | Build | House |
| 7:41 | Build | House |
| 7:48 | Create | Villager (Male) |
| 8:08 | Create | Villager (Male) |
| 8:24 | Create | Villager (Male) |
| 8:28 | Create | Fishing Ship |
| 8:36 | Build | House |
| 8:47 | Build | Lumber Camp |
| 9:05 | Research | Feudal Age |
| 9:12 | Build | House |
| 9:15 | Build | House |
| 9:20 | Create | Fishing Ship |
| 9:42 | Create | Fishing Ship |
| 9:52 | Build | Dock |
| 10:09 | Create | Fishing Ship |
| 11:04 | Create | Villager (Male) |
| 11:04 | Create | Villager (Male) |
| 11:15 | Age | Feudal Age |
| 11:16 | Build | Market |
| 11:21 | Build | Blacksmith |
| 12:11 | Research | Castle Age |
| 12:12 | Research | Loom |
| 12:22 | Build | Farm |
| 12:22 | Build | Farm |
| 12:22 | Build | Farm |
| 12:22 | Build | Farm |
| 12:28 | Build | Farm |
| 12:57 | Research | Double-Bit Axe |
| 13:15 | Build | Barracks |
| 14:02 | Build | Dock |
| 14:12 | Create | Villager (Male) |
| 14:24 | Create | Villager (Male) |
| 14:33 | Build | Barracks |
| 14:51 | Age | Castle Age |
| 14:56 | Research | Squires |
| 14:59 | Research | Forging |
| 14:59 | Research | Scale Mail Armor |
| 15:01 | Create | Fire Lancer |
| 15:02 | Create | Villager (Male) |
| 15:18 | Create | Villager (Male) |
| 15:36 | Create | Villager (Male) |
| 15:42 | Build | Town Center |
| 15:47 | Create | Villager (Male) |
| 16:16 | Create | Fire Lancer |
| 16:17 | Create | Fire Lancer |
| 16:18 | Research | Iron Casting |
| 16:55 | Research | Wheelbarrow |
| 17:17 | Create | Villager (Male) |
| 17:18 | Create | Villager (Male) |
| 17:23 | Create | Fire Lancer |
| 17:23 | Create | Fire Lancer |
| 17:39 | Build | Dock |
| 17:41 | Build | Farm |
| 17:44 | Build | Farm |
| 17:47 | Create | Fire Lancer |
| 17:47 | Create | Fire Lancer |
| 18:02 | Research | Chain Mail Armor |
| 18:20 | Create | Fire Lancer |
| 18:26 | Create | Villager (Male) |
| 18:42 | Create | Villager (Male) |
| 18:46 | Create | Villager (Male) |
| 18:50 | Build | Mining Camp |
| 18:57 | Create | Villager (Male) |
| 19:06 | Build | Monastery |
| 19:07 | Research | Horse Collar |
| 19:30 | Create | Villager (Male) |
| 19:43 | Build | Lumber Camp |
| 19:57 | Research | Arson |
| 19:58 | Create | Fire Lancer |
| 19:58 | Create | Fire Lancer |
| 20:00 | Create | Villager (Male) |
| 20:01 | Create | Villager (Male) |
| 20:10 | Create | Monk |
| 20:46 | Create | Fire Lancer |
| 20:46 | Create | Fire Lancer |
| 21:10 | Create | Fire Lancer |
| 21:10 | Create | Fire Lancer |
| 21:35 | Build | Town Center |
| 21:40 | Create | Fire Lancer |
| 21:40 | Create | Fire Lancer |
| 21:47 | Research | Town Watch |
| 21:48 | Create | Villager (Male) |
| 21:49 | Create | Villager (Male) |
| 22:30 | Create | Fire Lancer |
| 22:30 | Create | Fire Lancer |
| 22:34 | Build | Barracks |
| 22:36 | Build | Barracks |
| 22:44 | Create | Villager (Male) |
| 22:47 | Create | Villager (Male) |
| 22:50 | Build | House |
| 22:51 | Build | House |
| 22:54 | Build | House |
| 23:23 | Create | Monk |
| 23:39 | Create | Fire Lancer |
| 23:40 | Create | Fire Lancer |
| 23:55 | Create | Fire Lancer |
| 23:55 | Create | Fire Lancer |
| 24:07 | Build | House |
| 24:08 | Build | House |
| 24:09 | Build | House |
| 24:47 | Build | University |
| 24:51 | Research | Hand Cart |
| 24:53 | Create | Villager (Male) |
| 24:54 | Create | Villager (Male) |
| 24:54 | Create | Villager (Male) |
| 24:58 | Build | House |
| 24:58 | Build | House |
| 25:13 | Create | Fire Lancer |
| 25:13 | Create | Fire Lancer |
| 25:19 | Build | Siege Workshop |
| 25:22 | Create | Villager (Male) |
| 25:25 | Build | Monastery |
| 25:26 | Create | Villager (Male) |
| 25:27 | Create | Villager (Male) |
| 25:28 | Create | Villager (Male) |
| 25:28 | Create | Villager (Male) |
| 25:29 | Create | Villager (Male) |
| 25:29 | Create | Villager (Male) |
| 25:29 | Create | Villager (Male) |
| 25:30 | Create | Villager (Male) |
| 25:30 | Create | Villager (Male) |
| 25:33 | Build | Farm |
| 25:38 | Build | Lumber Camp |
| 26:13 | Create | Battering Ram |
Build order — EL SANTO PADRE EL ORIGINAL
First 150 of 345 actions detected
| 0:42 | Build | Town Center |
| 4:05 | Create | Villager (Male) |
| 4:05 | Create | Villager (Male) |
| 4:05 | Create | Villager (Male) |
| 4:05 | Create | Villager (Male) |
| 4:05 | Create | Villager (Male) |
| 4:10 | Build | House |
| 4:11 | Build | House |
| 4:12 | Build | House |
| 4:13 | Build | House |
| 5:03 | Research | Loom |
| 5:36 | Build | House |
| 5:37 | Build | House |
| 6:01 | Create | Villager (Male) |
| 6:01 | Create | Villager (Male) |
| 6:46 | Create | Villager (Male) |
| 6:46 | Create | Villager (Male) |
| 6:46 | Create | Villager (Male) |
| 7:21 | Create | Villager (Male) |
| 7:21 | Create | Villager (Male) |
| 7:22 | Create | Villager (Male) |
| 7:41 | Create | Villager (Male) |
| 7:42 | Create | Villager (Male) |
| 8:01 | Create | Villager (Male) |
| 8:01 | Create | Villager (Male) |
| 8:02 | Create | Villager (Male) |
| 8:48 | Build | Barracks |
| 8:59 | Create | Villager (Male) |
| 9:00 | Create | Villager (Male) |
| 9:00 | Create | Villager (Male) |
| 9:00 | Create | Villager (Male) |
| 9:00 | Create | Villager (Male) |
| 10:01 | Build | House |
| 10:02 | Build | House |
| 10:13 | Build | Mining Camp |
| 10:58 | Research | Feudal Age |
| 11:07 | Build | Lumber Camp |
| 11:25 | Create | Villager (Male) |
| 11:25 | Create | Villager (Male) |
| 11:26 | Create | Villager (Male) |
| 11:26 | Create | Villager (Male) |
| 11:31 | Create | Villager (Male) |
| 11:31 | Create | Villager (Male) |
| 11:36 | Create | Villager (Male) |
| 11:36 | Create | Villager (Male) |
| 11:36 | Create | Villager (Male) |
| 12:01 | Create | Villager (Male) |
| 12:02 | Create | Villager (Male) |
| 12:16 | Create | Villager (Male) |
| 12:17 | Create | Villager (Male) |
| 12:27 | Create | Villager (Male) |
| 12:27 | Create | Villager (Male) |
| 12:29 | Create | Villager (Male) |
| 12:30 | Create | Villager (Male) |
| 12:54 | Create | Villager (Male) |
| 12:54 | Create | Villager (Male) |
| 12:55 | Create | Villager (Male) |
| 13:08 | Age | Feudal Age |
| 13:18 | Build | Mill |
| 13:21 | Create | Villager (Male) |
| 13:21 | Create | Villager (Male) |
| 13:22 | Create | Villager (Male) |
| 13:22 | Create | Villager (Male) |
| 13:37 | Build | Mining Camp |
| 14:08 | Research | Double-Bit Axe |
| 14:54 | Build | Farm |
| 14:57 | Research | Horse Collar |
| 15:12 | Build | Blacksmith |
| 15:17 | Build | Stable |
| 15:32 | Research | Gold Mining |
| 15:46 | Research | Wheelbarrow |
| 17:33 | Build | Market |
| 18:14 | Build | Mining Camp |
| 18:52 | Research | Castle Age |
| 18:53 | Research | Castle Age |
| 19:30 | Build | House |
| 19:31 | Build | House |
| 19:32 | Build | House |
| 19:34 | Build | House |
| 19:50 | Build | Farm |
| 19:54 | Build | Farm |
| 19:58 | Build | Farm |
| 20:03 | Build | Farm |
| 20:06 | Build | Farm |
| 20:09 | Build | Farm |
| 20:12 | Build | Farm |
| 20:15 | Build | Farm |
| 20:18 | Build | Farm |
| 20:21 | Build | Farm |
| 20:24 | Build | Farm |
| 20:29 | Build | Farm |
| 20:34 | Build | Farm |
| 21:11 | Research | Stone Mining |
| 21:17 | Build | Farm |
| 21:20 | Build | Farm |
| 21:51 | Build | Dock |
| 22:01 | Create | Villager (Male) |
| 22:01 | Create | Villager (Male) |
| 22:01 | Create | Villager (Male) |
| 22:02 | Create | Villager (Male) |
| 22:02 | Create | Villager (Male) |
| 22:02 | Create | Villager (Male) |
| 22:02 | Create | Villager (Male) |
| 22:03 | Create | Villager (Male) |
| 22:03 | Create | Villager (Male) |
| 22:03 | Create | Villager (Male) |
| 22:03 | Age | Castle Age |
| 22:04 | Create | Villager (Male) |
| 22:04 | Create | Villager (Male) |
| 22:04 | Create | Villager (Male) |
| 22:18 | Create | Trade Cart |
| 22:19 | Create | Trade Cart |
| 22:19 | Create | Trade Cart |
| 22:29 | Create | Knight |
| 22:30 | Create | Knight |
| 22:43 | Create | Trade Cart |
| 22:43 | Create | Trade Cart |
| 22:44 | Create | Trade Cart |
| 23:19 | Research | Bow Saw |
| 23:58 | Research | Heavy Plow |
| 24:06 | Build | Castle |
| 24:52 | Create | Trade Cart |
| 24:52 | Create | Trade Cart |
| 24:53 | Create | Trade Cart |
| 24:53 | Create | Trade Cart |
| 24:53 | Create | Trade Cart |
| 26:04 | Research | Imperial Age |
| 26:05 | Research | Imperial Age |
| 26:20 | Create | Trade Cart |
| 26:20 | Create | Trade Cart |
| 26:20 | Create | Trade Cart |
| 26:21 | Create | Trade Cart |
| 26:21 | Create | Trade Cart |
| 26:21 | Create | Trade Cart |
| 26:42 | Create | Woad Raider |
| 26:42 | Create | Woad Raider |
| 26:43 | Create | Woad Raider |
| 26:43 | Create | Woad Raider |
| 26:51 | Build | House |
| 26:52 | Build | House |
| 26:53 | Build | House |
| 26:54 | Build | House |
| 26:55 | Build | House |
| 27:28 | Build | Monastery |
| 27:32 | Create | Woad Raider |
| 27:32 | Create | Woad Raider |
| 27:32 | Create | Woad Raider |
| 27:32 | Create | Woad Raider |
| 27:33 | Create | Woad Raider |
| 27:33 | Create | Woad Raider |
Build order — Rey David
First 150 of 239 actions detected
| 1:58 | Build | Town Center |
| 2:42 | Build | Palisade Wall |
| 2:49 | Build | Palisade Wall |
| 3:03 | Build | Palisade Wall |
| 3:09 | Build | Palisade Gate |
| 4:19 | Create | Villager (Male) |
| 4:20 | Create | Villager (Male) |
| 4:20 | Create | Villager (Male) |
| 4:20 | Create | Villager (Male) |
| 4:40 | Build | House |
| 4:48 | Build | House |
| 5:30 | Build | House |
| 8:02 | Build | Palisade Wall |
| 8:08 | Build | Palisade Wall |
| 8:25 | Build | Palisade Wall |
| 8:30 | Build | Palisade Gate |
| 8:32 | Create | Villager (Male) |
| 8:32 | Create | Villager (Male) |
| 8:33 | Create | Villager (Male) |
| 8:33 | Create | Villager (Male) |
| 9:27 | Build | Palisade Wall |
| 9:35 | Build | Palisade Wall |
| 9:47 | Build | Barracks |
| 9:58 | Create | Villager (Male) |
| 9:58 | Create | Villager (Male) |
| 9:58 | Create | Villager (Male) |
| 10:43 | Build | House |
| 10:58 | Build | Palisade Wall |
| 11:52 | Build | Lumber Camp |
| 12:44 | Build | Palisade Wall |
| 13:00 | Research | Loom |
| 13:01 | Research | Feudal Age |
| 13:11 | Build | House |
| 13:21 | Build | Outpost |
| 13:36 | Build | Palisade Wall |
| 13:46 | Build | Outpost |
| 14:16 | Build | Palisade Wall |
| 14:31 | Build | Outpost |
| 14:52 | Build | Palisade Gate |
| 15:24 | Build | Mining Camp |
| 15:30 | Build | Mining Camp |
| 15:35 | Age | Feudal Age |
| 15:40 | Create | Villager (Male) |
| 15:40 | Create | Villager (Male) |
| 15:40 | Create | Villager (Male) |
| 15:41 | Create | Villager (Male) |
| 15:41 | Create | Villager (Male) |
| 15:41 | Create | Villager (Male) |
| 15:41 | Create | Villager (Male) |
| 15:41 | Create | Villager (Male) |
| 15:42 | Create | Villager (Male) |
| 15:44 | Create | Villager (Male) |
| 15:44 | Create | Villager (Male) |
| 16:34 | Research | Stone Mining |
| 16:51 | Build | Mill |
| 17:18 | Build | Palisade Wall |
| 17:23 | Build | Palisade Wall |
| 17:33 | Create | Villager (Male) |
| 18:02 | Build | Palisade Wall |
| 18:27 | Build | Palisade Wall |
| 18:56 | Research | Horse Collar |
| 18:58 | Research | Double-Bit Axe |
| 19:04 | Research | Gold Mining |
| 19:15 | Build | House |
| 20:01 | Build | Palisade Wall |
| 20:30 | Build | Palisade Gate |
| 20:48 | Create | Spearman |
| 20:48 | Create | Spearman |
| 20:49 | Create | Spearman |
| 20:49 | Create | Spearman |
| 20:59 | Build | Palisade Wall |
| 21:34 | Build | House |
| 21:50 | Build | Palisade Wall |
| 22:07 | Research | Wheelbarrow |
| 22:20 | Build | Market |
| 22:48 | Build | Market |
| 22:59 | Build | House |
| 23:11 | Build | Palisade Gate |
| 23:23 | Build | Outpost |
| 23:28 | Create | Villager (Male) |
| 23:28 | Create | Villager (Male) |
| 23:28 | Create | Villager (Male) |
| 23:28 | Create | Villager (Male) |
| 23:29 | Create | Villager (Male) |
| 23:44 | Build | Blacksmith |
| 24:07 | Build | Dock |
| 24:25 | Build | House |
| 25:06 | Build | Palisade Wall |
| 25:20 | Build | Outpost |
| 25:29 | Create | Spearman |
| 25:29 | Create | Spearman |
| 25:32 | Research | Castle Age |
| 25:40 | Create | Trade Cart |
| 25:41 | Create | Trade Cart |
| 25:41 | Create | Trade Cart |
| 25:41 | Create | Trade Cart |
| 25:41 | Create | Trade Cart |
| 26:17 | Build | Palisade Wall |
| 26:24 | Build | Palisade Gate |
| 26:43 | Build | Stable |
| 26:58 | Build | Palisade Wall |
| 27:03 | Build | Palisade Gate |
| 27:18 | Create | Fishing Ship |
| 27:18 | Create | Fishing Ship |
| 27:46 | Create | Spearman |
| 27:46 | Create | Spearman |
| 28:02 | Build | Palisade Gate |
| 28:12 | Age | Castle Age |
| 28:33 | Create | Scout Cavalry |
| 28:34 | Create | Scout Cavalry |
| 28:51 | Build | Monastery |
| 29:02 | Research | Heavy Plow |
| 29:06 | Research | Bow Saw |
| 29:19 | Build | House |
| 29:20 | Build | House |
| 29:24 | Build | House |
| 29:37 | Build | Palisade Wall |
| 29:43 | Build | Palisade Gate |
| 30:23 | Build | Castle |
| 30:46 | Build | Farm |
| 30:54 | Build | Town Center |
| 31:01 | Create | Monk |
| 31:01 | Create | Monk |
| 31:35 | Research | Scale Barding Armor |
| 31:42 | Build | Farm |
| 31:47 | Build | Farm |
| 31:50 | Build | Farm |
| 32:13 | Build | Farm |
| 32:14 | Build | Farm |
| 32:15 | Build | Farm |
| 32:16 | Build | Farm |
| 32:19 | Build | Farm |
| 32:20 | Build | Farm |
| 32:45 | Create | Fishing Ship |
| 32:45 | Create | Fishing Ship |
| 33:20 | Create | Fire Galley |
| 33:20 | Create | Fire Galley |
| 34:15 | Research | Hand Cart |
| 34:16 | Create | Villager (Male) |
| 34:16 | Create | Villager (Male) |
| 34:16 | Create | Villager (Male) |
| 34:16 | Create | Villager (Male) |
| 34:16 | Create | Villager (Male) |
| 34:39 | Build | Farm |
| 35:10 | Build | Mining Camp |
| 35:39 | Create | Villager (Male) |
| 35:40 | Create | Villager (Male) |
| 35:40 | Create | Villager (Male) |
| 35:40 | Create | Villager (Male) |
| 35:40 | Create | Villager (Male) |
Match timeline
| 2:27 | caanguloa · first_building Dock |
| 2:42 | Rey David · wall_segment Palisade Wall x2 |
| 2:49 | Rey David · wall_segment Palisade Wall x6 |
| 3:03 | Rey David · wall_segment Palisade Wall x3 |
| 5:15 | ferqr_91 · first_building Dock |
| 5:31 | James McMCloud · first_building Dock |
| 8:02 | Rey David · wall_segment Palisade Wall x9 |
| 8:08 | Rey David · wall_segment Palisade Wall x9 |
| 8:25 | Rey David · wall_segment Palisade Wall x9 |
| 8:48 | EL SANTO PADRE EL ORIGINAL · first_building Barracks |
| 8:58 | James McMCloud · first_building Barracks |
| 9:27 | Rey David · wall_segment Palisade Wall x4 |
| 9:35 | Rey David · wall_segment Palisade Wall x2 |
| 9:47 | Rey David · first_building Barracks |
| 10:58 | Rey David · wall_segment Palisade Wall x6 |
| 11:15 | ferqr_91 · age_up feudal |
| 11:53 | caanguloa · age_up feudal |
| 12:38 | James McMCloud · age_up feudal |
| 12:44 | Rey David · wall_segment Palisade Wall x1 |
| 13:08 | EL SANTO PADRE EL ORIGINAL · age_up feudal |
| 13:15 | ferqr_91 · first_building Barracks |
| 13:36 | Rey David · wall_segment Palisade Wall x8 |
| 14:16 | Rey David · wall_segment Palisade Wall x13 |
| 14:51 | ferqr_91 · age_up castle |
| 15:09 | EL_PUERCO_REDENTOR · first_building Barracks |
| 15:17 | EL SANTO PADRE EL ORIGINAL · first_building Stable |
| 15:35 | Rey David · age_up feudal |
| 16:55 | James McMCloud · first_building Stable |
| 17:02 | EL_PUERCO_REDENTOR · age_up feudal |
| 17:18 | Rey David · wall_segment Palisade Wall x5 |
| 17:23 | Rey David · wall_segment Palisade Wall x4 |
| 17:25 | caanguloa · age_up castle |
| 17:46 | caanguloa · first_building Monastery |
| 17:57 | EL_PUERCO_REDENTOR · first_building Stable |
| 18:02 | Rey David · wall_segment Palisade Wall x4 |
| 18:13 | James McMCloud · age_up castle |
| 18:27 | Rey David · wall_segment Palisade Wall x6 |
| 19:06 | ferqr_91 · first_building Monastery |
| 20:01 | Rey David · wall_segment Palisade Wall x18 |
| 20:09 | ferqr_91 · first_market_sell 100 food |
| 20:59 | Rey David · wall_segment Palisade Wall x3 |
| 21:20 | EL_PUERCO_REDENTOR · age_up castle |
| 21:21 | EL_PUERCO_REDENTOR · first_market_sell 100 wood |
| 21:50 | Rey David · wall_segment Palisade Wall x1 |
| 21:51 | EL SANTO PADRE EL ORIGINAL · first_building Dock |
| 22:03 | EL SANTO PADRE EL ORIGINAL · age_up castle |
| 22:29 | EL_PUERCO_REDENTOR · first_building Monastery |
| 22:32 | James McMCloud · first_building Archery Range |
| 24:06 | EL SANTO PADRE EL ORIGINAL · first_building Castle |
| 24:07 | Rey David · first_building Dock |
| 24:13 | caanguloa · first_building Castle |
| 24:24 | EL_PUERCO_REDENTOR · first_building Castle |
| 25:06 | Rey David · wall_segment Palisade Wall x6 |
| 25:19 | ferqr_91 · first_building Siege Workshop |
| 26:17 | Rey David · wall_segment Palisade Wall x8 |
| 26:43 | Rey David · first_building Stable |
| 26:58 | Rey David · wall_segment Palisade Wall x10 |
| 27:22 | James McMCloud · first_building Siege Workshop |
| 27:28 | EL SANTO PADRE EL ORIGINAL · first_building Monastery |
| 28:12 | Rey David · age_up castle |
| 28:35 | James McMCloud · first_building Monastery |
| 28:51 | Rey David · first_building Monastery |
| 29:14 | EL SANTO PADRE EL ORIGINAL · age_up imperial |
| 29:37 | Rey David · wall_segment Palisade Wall x6 |
| 29:40 | caanguloa · first_market_sell 100 wood |
| 29:43 | caanguloa · first_market_buy 100 food |
| 30:23 | Rey David · first_building Castle |
| 31:00 | EL_PUERCO_REDENTOR · tribute_sent a jugador 2 |
| 31:00 | EL_PUERCO_REDENTOR · tribute_sent a jugador 3 |
| 31:00 | EL_PUERCO_REDENTOR · tribute_sent a jugador 4 |
| 31:00 | EL_PUERCO_REDENTOR · tribute_sent a jugador 5 |
| 31:00 | EL_PUERCO_REDENTOR · tribute_sent a jugador 6 |
| 31:13 | ferqr_91 · first_building Archery Range |
| 31:52 | ferqr_91 · first_market_buy 100 stone |
| 32:00 | ferqr_91 · first_building Castle |
| 32:38 | ferqr_91 · age_up imperial |
| 32:47 | James McMCloud · first_market_sell 100 wood |
| 33:01 | caanguloa · age_up imperial |
| 38:23 | EL SANTO PADRE EL ORIGINAL · first_market_sell 500 wood |
| 41:35 | Rey David · wall_segment Palisade Wall x5 |
| 42:11 | Rey David · first_market_sell 100 wood |
| 42:12 | Rey David · first_market_buy 100 food |
| 42:23 | EL SANTO PADRE EL ORIGINAL · first_building Siege Workshop |
| 43:28 | Rey David · wall_segment Stone Wall x6 |
| 43:47 | EL_PUERCO_REDENTOR · age_up imperial |
| 45:33 | James McMCloud · resign |
[ AI ANALYSIS · 1 CREDIT ]
What really happened in this match?
Wolo.gg analyzes every decision: build order, eco, micro, common mistakes by bracket. Personalized analysis on WhatsApp or Discord in 30 seconds.
Civ guide
Teutons
Map guide
MegaRandom
Perfil
EL_PUERCO_REDENTOR